 Dungeon Crawl Stone Soup version 0.27.0-1-g7a089689b8 (console) character file.

Game seed: 15247938765049462100

23 thromnambular the Sneak (level 2, 0/18 HPs)
             Began as a Felid Air Elementalist on Aug 15, 2021.
             Slain by an adder (2 damage)
             ... on level 1 of the Dungeon.
             The game lasted 00:02:10 (1081 turns).

thromnambular the Sneak (Felid Air Elementalist)    Turns: 1081, Time: 00:02:11

Health: 0/18       AC: 21    Str:  4    XL:     2   Next: 75%
Magic:  0/6        EV:  4    Int: 16    God:
Gold:   50         SH:  0    Dex: 16    Spells: 4/5 levels left
                                        Lives:  0   Deaths: 0

rFire    . . .     SeeInvis +   (weapon unavailable)
rCold    . . .     Faith    .   (shield unavailable)
rNeg     + + +     Spirit   .   (armour unavailable)
rPois    +         Reflect  .   (helmet unavailable)
rElec    .         Harm     .   (cloak unavailable)
rCorr    .         Rampage  .   (gloves unavailable)
Will     .....     NoTele   +   (boots unavailable)
Stlth    ++........             (no amulet)
HPRegen  0.06/turn              (no ring)
MPRegen  0.10/turn              (no ring)

@: tree-form
A: stationary, stasis, torment immunity, boosted hp, very small, (claws 1),
(fangs 3), see invisible, (speed 1), (shaggy fur 1), (stealthy paws), no weapons
or thrown items, no armour, multi-lived
a: no special abilities


You were on level 1 of the Dungeon.
You were a tree.
You visited 1 branch of the dungeon, and saw 2 of its levels.

You collected 50 gold pieces.

Inventory:

Scrolls
 a - a scroll of noise {unknown}
 b - a scroll of identify {unknown}


   Skills:
 + Level 1.0 Fighting
 + Level 3.2 Dodging
 + Level 3.3 Stealth
 - Level 2.0 Spellcasting
 + Level 0.8 Conjurations
 - Level 3.0 Air Magic


You had 4 spell levels left.
You knew the following spells:

 Your Spells              Type           Power      Damage    Failure   Level
a - Shock                 Conj/Air       28%        1d4       10%         1

Your spell library contained the following spells:

 Spells                   Type           Power      Damage    Failure   Level
 Static Discharge         Conj/Air       7%         N/A       14%         2
 Swiftness                Air            11%        N/A       19%         3
 Airstrike                Air            5%         N/A       52%         4


Dungeon Overview and Level Annotations

Branches:
Dungeon (2/15)

Altars:
Xom


Innate Abilities, Weirdness & Mutations

You are a tree.
Your roots penetrate the ground, keeping you stationary.
You cannot be teleported.
You are immune to unholy pain and torment.
Your maximum health is greatly increased.
((You have sharp claws.))
((You have razor-sharp teeth.))
You have supernaturally acute eyesight. (SInv)
((You cover ground quickly. (Speed+)))
((You are covered in fur. (AC +1)))
((Your paws help you pounce on unaware monsters.))
You are incapable of wielding weapons or throwing items.
You cannot wear armour.
You gain extra lives every three experience levels.


Message History

The adder is moderately wounded.
The adder misses you. x2
Casting: Shock (safe; 10% risk of failure)
Confirm with . or Enter, or press ? or * to list all spells.
Aiming: Shock (safe; 10% risk of failure)
Press: ? - help, Shift-Dir - straight line, f/p - adder
Aim: an adder (moderately wounded, 48% to hit)
The zap hits the adder.
The adder is heavily wounded.
The adder closely misses you.
Okay, then.
There is a stone staircase leading up here.
The adder bites you. The adder barely misses you.
You climb upwards.
There is a stone staircase leading down here.
The adder misses you.
Casting: Shock (safe; 10% risk of failure)
Confirm with . or Enter, or press ? or * to list all spells.
Aiming: Shock (safe; 10% risk of failure)
Press: ? - help, Shift-Dir - straight line The zap hits the adder.
The adder is heavily wounded.
The zap hits the adder.
The adder is almost dead.
The adder closely misses you.
You closely miss the adder.
The adder is almost dead.
The adder completely misses you.
You barely miss the adder.
The adder is almost dead.
The adder barely misses you. The adder bites you.
* * * LOW HITPOINT WARNING * * *
It was a potion of lignification.
You turn into a tree.
Your roots penetrate the ground.
The adder bites you but does no damage.
Casting: Shock (safe; 10% risk of failure)
Confirm with . or Enter, or press ? or * to list all spells.
Aiming: Shock (safe; 10% risk of failure)
Press: ? - help, Shift-Dir - straight line The zap misses the adder. x2; The adder bites you.
You die...

.....#.# ##.## #.##.÷......
.......# #######.# #..#.##...#.
......## #.......# ##.#.##...#.
#....## #.......#####...######.
##...######..........###..#####..
......#...........##.............
#.....#.###.......###.........###
##.......########S##..##........#
....#..#.......#♣....####.#...#..
....#..#..........#### #.#.#....
..#......#####.##.#######.#.###..
.###..)....###.....)......#.# ##.
............#####.#####..#..# ##
.#####..##### #.# #.....### # .#
#.....# ##.# #..##...### ##
##.....### #..# #..####..#.
#..###...###.## #..# ##...


You could see an adder.

Vanquished Creatures
  4 endoplasms (D:1)
  3 goblins
  A hobgoblin (D:2)
  4 jackals (D:1)
  4 bats (D:1)
  2 kobolds
  2 rats (D:1)
20 creatures vanquished.

Notes
Turn   | Place    | Note
-------+----------+-------------------------------------------
     0 | D:1      | thromnambular the Felid Air Elementalist began the quest
                  | for the Orb.
     0 | D:1      | Reached XP level 1. HP: 7/7 MP: 4/4
    32 | D:1      | Found a faded altar of an unknown god.
   264 | D:1      | Reached XP level 2. HP: 12/12 MP: 1/6
   917 | D:2      | Found a shimmering altar of Xom.
   928 | D:1      | Reached skill level 1 in Fighting
  1081 | D:1      | Slain by an adder

Illustrated notes

Levels and vault maps discovered:
D:1:      dpeg_arrival_court, layout_rooms,
          hellmonk_ecumenical_altar_leap_of_faith
D:2:      layout_rooms, basic_altar

Skill      XL: |  1  2 |
---------------+-------+-----
Stealth        | 3 |  3.3
Dodging        | 3 |  3.2
Fighting       | 1 |  1.0
Air Magic      | 3 |  3.0
Spellcasting   | |  2.0
Conjurations   | |  0.8

Action                   || total
-------------------------++-------
Melee: Unarmed           ||     6
 Cast: Shock             ||    57
  Use: Potion            ||     1
Armor: Skin              ||     3
Dodge: Dodged            ||    24
